 Dungeon Crawl Stone Soup version 0.26-a0-507-g0ae5976 (webtiles) character file.

Game seed: 15746844906204944984

49 topirishpotato the Sneak (level 3, 0/18 HPs)
             Began as a Spriggan Brigand on Aug 10, 2020.
             Slain by a worm (8 damage)
             ... on level 2 of the Dungeon.
             The game lasted 00:01:34 (1623 turns).

topirishpotato the Sneak (Spriggan Brigand)         Turns: 1623, Time: 00:01:34

Health: 0/18       AC:  0    Str:  8    XL:     3   Next: 51%
Magic:  4/4        EV: 17    Int: 12    God:
Gold:   25         SH:  0    Dex: 17    Spells: 2/2 levels left

rFire    . . .     SeeInvis +   a - +2 dagger
rCold    . . .     Faith    .   (shield restricted)
rNeg     . . .     Spirit   .   b - +0 robe
rPois    .         Reflect  .   (helmet restricted)
rElec    .         Harm     .   c - +1 cloak
rCorr    .                      (gloves unavailable)
MR       .....                  (boots unavailable)
Stlth    ++++......             (no amulet)
HPRegen  0.06/turn              i - -4 ring of protection (curse)
MPRegen  0.09/turn              (no ring)

@: very quick
A: very small, unfitting armour, see invisible, speed 3
a: no special abilities


You were on level 2 of the Dungeon.
You visited 1 branch of the dungeon, and saw 2 of its levels.

You collected 25 gold pieces.

Inventory:

Hand Weapons
 a - a +2 dagger (weapon)
Missiles
 d - 22 poisoned darts (quivered)
Armour
 b - a +0 robe (worn)
 c - a +1 cloak (worn)
Jewellery
 i - a cursed -4 ring of protection (left hand)
Scrolls
 f - a scroll of identify
 g - a scroll of enchant armour
Potions
 h - a potion of heal wounds


   Skills:
 + Level 1.8 Fighting
 + Level 2.8 Short Blades
 - Level 2.0 Throwing
 + Level 2.0 Dodging
 + Level 7.2 Stealth


You had 2 spell levels left.
You didn't know any spells.
Your spell library was empty.

Dungeon Overview and Level Annotations

Branches:
Dungeon (2/15)

Altars:


Innate Abilities, Weirdness & Mutations

You are very small and have problems with some larger weapons.
You are too small for most types of armour.
You have supernaturally acute eyesight. (SInv)
You cover ground extremely quickly.


Message History

Aim: a worm You throw a curare-tipped dart.
The curare-tipped dart hits the worm.
The worm is poisoned.
The worm convulses.
The worm seems to slow down.
The worm is moderately wounded.
Throwing (i - inventory. (/) - cycle)
e - a curare-tipped dart (quivered)
Press: ? - help, Shift-Dir - straight line, f/p - worm
Aim: a worm (moderately wounded, very poisoned, slow)
You throw a curare-tipped dart.
The curare-tipped dart barely misses the worm.
You hit the worm.
The worm is heavily wounded.
The worm barely misses you.
You hit the worm.
The worm is severely wounded.
You hit the worm but do no damage.
The worm is severely wounded.
You hit the worm.
The worm is almost dead.
The worm bites you!
You die...

###.##.#. ....... #. ......
#.###..#.# #........# #
#..##..#(##.#
####..##...(...# #.. #
.....##..w.# #. #... #
###..##.@..# #.. #... .
#[##..†.....#.##.#..###..###
#........................##.
####.#..##.##.##.........##.
####.#......>.#..........##.
........##.####..#.###......
####....##.# #.....†#.#.##.
#.......# #..#.#.....###
#...#..##.# #........### #


You could see a worm (poisoned, slow).

Vanquished Creatures
  An adder (D:2)
  An ooze (D:1)
  2 dart slugs (D:1)
  2 leopard geckos (D:1)
  3 giant cockroaches (D:1)
  4 goblins (D:1)
  2 hobgoblins
  A quokka (D:2)
  3 bats (D:1)
  6 kobolds (D:1)
  3 rats
28 creatures vanquished.

Notes
Turn   | Place    | Note
-------+----------+-------------------------------------------
     0 | D:1      | topirishpotato the Spriggan Brigand began the quest for the
                  | Orb.
     0 | D:1      | Reached XP level 1. HP: 10/10 MP: 2/2
    16 | D:1      | Reached skill level 6 in Stealth
   476 | D:1      | Reached XP level 2. HP: 8/14 MP: 3/3
   968 | D:1      | Reached skill level 7 in Stealth
  1093 | D:1      | Reached XP level 3. HP: 18/18 MP: 4/4
  1623 | D:2      | Slain by a worm

Illustrated notes

Levels and vault maps discovered:
D:1:      heliophobic_arrival_ceremonial_halls, layout_basic
D:2:      layout_basic, chequers_ecumenical_altar_lobes

Skill      XL: |  1  2  3 |
---------------+----------+-----
Stealth        | 6 7 |  7.2
Dodging        | 2 |  2.0
Fighting       | |  1.8
Short Blades   | |  2.8
Throwing       | |  2.0

Action                   || total
-------------------------++-------
Melee: Dagger            ||    84
Throw: Dart              ||     2
  Use: Scroll            ||     3
 Stab: Sleeping          ||    13
Armor: Robe              ||    10
Dodge: Dodged            ||    57

Table legend: (Time is in decaauts)
 A = Elapsed time spent in this place.
 B = Non-inter-level travel time spent in this place.
 C = Inter-level travel time spent in this place.
 D = Time resting spent in this place.
 E = Time spent auto-exploring this place.
 F = Levels seen in this place.
 G = Mean time per level.
                   A        B        C        D        E       F      G
               +--------+--------+--------+--------+--------+-----+--------+
         Total |   1304 |   1279 |     25 |    677 |    419 |   2 |  652.0 |
       Dungeon |   1304 |   1279 |     25 |    677 |    419 |   2 |  652.0 |
               +--------+--------+--------+--------+--------+-----+--------+

Top non-repeatable levels by time:
     D:1: 1201 daAuts
     D:2: 103 daAuts
